 Dungeon Crawl Stone Soup version 0.19-a0-1786-g230130f (webtiles) character file.

4748 Ijustatesigmund the Thaumaturge (level 10, -4/50 HPs)
             Began as a Spriggan Wizard on Oct 3, 2016.
             Hit by a tomahawk thrown by an orc warrior (17 damage)
             ... on level 9 of the Dungeon.
             The game lasted 00:42:05 (10283 turns).

Ijustatesigmund the Thaumaturge (Spriggan Wizard)  Turns: 10283, Time: 00:42:06

Health: -4/50      AC:  3    Str:  3    XL:     10   Next: 23%
Magic:  15/25      EV: 23    Int: 29    God:
Gold:   410        SH:  0    Dex: 15    Spells: 6 memorised, 14 levels left

rFire  . . .     SeeInvis +     h - +1 short sword
rCold  . . .     Gourm    .     a - +0 robe
rNeg   . . .     Faith    .     (shield restricted)
rPois  .         Spirit   .     b - +0 hat
rElec  .         Dismiss  .     t - +0 cloak
rCorr  .         Reflect  .     (gloves unavailable)
MR     +....     Harm     .     (boots unavailable)
Stlth  +++++.....               j - amulet of magic regeneration
                                (no ring)
                                s - +6 ring of intelligence

@: very quick
A: unfitting armour, see invisible, herbivore 3, speed 3, slow metabolism 2
a: no special abilities


You were on level 9 of the Dungeon.
You were not hungry.

You visited 1 branch of the dungeon, and saw 9 of its levels.
You also visited: Ossuary.

You collected 410 gold pieces.

Inventory:

Hand Weapons
 e - a +1 dagger of draining
 h - a +1 short sword (weapon)
 y - the +5 long sword of Oozing Pus {vamp, Dex+2}
   (You found it on level 5 of the Dungeon)

   It inflicts no extra harm, but heals its wielder somewhat when it strikes a
   living foe.
   It affects your dexterity (+2).
 H - a +4 dagger of draining
Missiles
 k - a tomahawk (quivered)
 C - 2 throwing nets
Armour
 a - a +0 robe (worn)
 b - a +0 hat (worn)
 t - a +0 cloak (worn)
Jewellery
 j - an amulet of magic regeneration (around neck)
 m - an uncursed ring of fire
 s - a +6 ring of intelligence (left hand)
Wands
 u - a wand of slowing (25/48)
 E - a wand of lightning (8/15)
 F - a wand of iceblast (6/15)
 J - a wand of disintegration (15/24)
 L - a wand of disintegration (14/24)
Scrolls
 f - 5 scrolls of remove curse
 r - 7 scrolls of teleportation
 z - a scroll of holy word
 K - a scroll of magic mapping
 O - a scroll of fear
Potions
 g - 3 potions of lignification
 l - a potion of haste
 n - a potion of berserk rage
 o - 4 potions of might
 p - 2 potions of mutation
 q - 2 potions of invisibility
 w - 3 potions of flight
 x - 2 potions of heal wounds
 A - 3 potions of curing
 B - 2 potions of ambrosia
 I - a potion of brilliance {unknown}
Books
 c - a book of Minor Magic

   Spells                             Type                      Level
   a - Magic Dart                     Conjuration                  1
   b - Blink                          Translocation                2
   c - Call Imp                       Summoning                    2
   d - Repel Missiles                 Charms/Air                   2
   e - Slow                           Hexes                        2
   f - Conjure Flame                  Conjuration/Fire             3
   g - Mephitic Cloud                 Conjuration/Poison/Air       3
 v - a book of Changes

   Spells                             Type                      Level
   a - Beastly Appendage              Transmutation                1
   b - Sticks to Snakes               Transmutation                2
   c - Spider Form                    Transmutation/Poison         3
   d - Ice Form                       Ice/Transmutation            4
   e - Blade Hands                    Transmutation                5
 D - a Young Poisoner's Handbook

   Spells                             Type                      Level
   a - Sting                          Conjuration/Poison           1
   b - Mephitic Cloud                 Conjuration/Poison/Air       3
   c - Olgreb's Toxic Radiance        Poison                       4
   d - Alistair's Intoxication        Transmutation/Poison         5
   e - Venom Bolt                     Conjuration/Poison           5
 N - a book of Debilitation

   Spells                             Type                      Level
   a - Corona                         Hexes                        1
   b - Slow                           Hexes                        2
   c - Gell's Gravitas                Hexes/Translocation          3
   d - Inner Flame                    Hexes/Fire                   3
   e - Cause Fear                     Hexes                        4
   f - Leda's Liquefaction            Hexes/Earth                  4
Comestibles
 d - 7 bread rations
 i - 3 fruits
 M - 7 slices of pizza


   Skills:
 + Level 4.2 Fighting
 - Level 4.3 Short Blades
 - Level 8.2 Dodging
 - Level 9.1 Stealth
 - Level 10.1 Spellcasting
 - Level 3.5 Conjurations
   Level 0.7 Summonings
 - Level 6.4 Translocations
 - Level 1.5 Air Magic
 + Level 3.4 Poison Magic


You had 14 spell levels left.
You knew the following spells:

 Your Spells              Type           Power        Failure   Level  Hunger
a - Magic Dart            Conj           ####         1%          1    None
b - Blink                 Tloc           N/A          1%          2    None
c - Repel Missiles        Chrm/Air       ###...       4%          2    None
d - Mephitic Cloud        Conj/Pois/Air  ####....     4%          3    None
e - Conjure Flame         Conj/Fire      ###.....     8%          3    None
f - Olgreb's Toxic Radia  Pois           ####....     12%         4    None


Dungeon Overview and Level Annotations

Branches:
Dungeon (9/15)
 Temple: D:4-7         Lair: D:8-11         Orc: D:9-12

Altars:
Cheibriados
Dithmenos
Xom

Shops:
D:6 ?

Annotations:
D:3 Natasha
D:5 Duvessa; Menkaure
D:6 Gamora's ghost, novice GrGl


Innate Abilities, Weirdness & Mutations

You are very small and have problems with some larger weapons.
You are too small for most types of armour.
You have supernaturally acute eyesight. (SInv)
You are a herbivore.
You cover ground extremely quickly.
You need consume almost no food.


Message History

The orc warrior is almost dead.
The orc warrior throws a tomahawk.
The tomahawk hits you!
* * * LOW HITPOINT WARNING * * *
Casting: Magic Dart
Confirm with . or Enter, or press ? or * to list all spells.
Aiming: Magic Dart
Press: ? - help, Shift-Dir - straight line, f/p - orc
Aim: an orc, wielding a mace and wearing a scale mail (severely wounded, poisoned)
The magic dart hits the orc warrior.
The orc warrior is almost dead.
The orc warrior throws a tomahawk.
The tomahawk misses you.
Casting: Magic Dart
Confirm with . or Enter, or press ? or * to list all spells.
Aiming: Magic Dart
Press: ? - help, Shift-Dir - straight line, f/p - orc
Aim: an orc, wielding a mace and wearing a scale mail (severely wounded, poisoned)
The magic dart hits the orc warrior.
The orc warrior is almost dead.
The orc warrior throws a tomahawk.
The tomahawk hits you!
You die...

#<................
#.................
#.................
#########.........
........########
........##
........[#####
............(#
.........###@#
.........# #)#
.........# #o#
............o#
.........#####
........# ######.


You could see an orc warrior and an orc.

Vanquished Creatures
  Pikel (D:4)
  Maurice (D:8)
  5 yaks
  3 hogs (D:8)
  A human (D:8)
  Grum (D:8)
  A hungry ghost (D:9)
  4 ice beasts
  An orc warrior (D:8)
  A slave (D:4)
  2 ogres
  2 centaurs (D:8)
  3 wolves (D:8)
  A big kobold (D:7)
  2 bullfrogs (D:8)
  3 scorpions
  Dowan (D:5)
  2 howler monkeys (D:8)
  2 jellies
  2 crimson imps
  3 orc wizards
  8 hounds
  An orc priest (D:7)
  Crazy Yiuf (D:3)
  A centaur skeleton (D:5)
  3 iguanas
  5 worker ants
  3 big kobold zombies (Ossuary)
  A hound skeleton (D:4)
  4 mummies (Ossuary)
  5 gnolls
  15 adders
  2 oozes
  An adder skeleton (D:8)
  3 worms
  4 dart slugs
  2 leopard geckos
  11 orcs
  5 giant cockroaches
  6 goblins
  10 hobgoblins
  2 jackals (D:3)
  8 kobolds
  2 quokkas (D:4)
  9 bats
  4 frilled lizards
  8 hobgoblin zombies (Ossuary)
  2 orc zombies (D:6)
  5 rats
173 creatures vanquished.

Notes
Turn   | Place    | Note
-------+----------+-------------------------------------------
     0 | D:1      | Ijustatesigmund the Spriggan Wizard began the quest for the Orb.
     0 | D:1      | Reached XP level 1. HP: 9/9 MP: 6/6
   302 | D:1      | Reached XP level 2. HP: 13/13 MP: 3/8
   324 | D:1      | Learned a level 2 spell: Blink
   327 | D:1      | Learned a level 2 spell: Repel Missiles
   678 | D:1      | Reached skill level 5 in Spellcasting
   719 | D:1      | Reached XP level 3. HP: 16/16 MP: 6/10
   724 | D:1      | Learned a level 3 spell: Mephitic Cloud
  1141 | D:2      | Reached skill level 6 in Spellcasting
  1289 | D:2      | Reached XP level 4. HP: 20/21 MP: 5/13
  2264 | D:3      | Found a shadowy altar of Dithmenos.
  2284 | D:3      | Reached skill level 7 in Spellcasting
  2542 | D:3      | Reached XP level 5. HP: 24/24 MP: 13/15
  2728 | D:3      | Found a runed door.
  2732 | D:3      | Noticed Crazy Yiuf
  2768 | D:3      | Killed Crazy Yiuf
  2920 | D:3      | Found a snail-covered altar of Cheibriados.
  2923 | D:3      | Noticed Natasha
  2928 | D:3      | Reached skill level 1 in Air Magic
  2937 | D:3      | Reached skill level 1 in Poison Magic
  3484 | D:4      | Reached skill level 1 in Conjurations
  3804 | D:4      | Reached XP level 6. HP: 28/28 MP: 11/17
  3983 | D:4      | Reached skill level 1 in Short Blades
  4154 | D:4      | Reached skill level 1 in Fighting
  4251 | D:4      | Noticed an ice beast
  4262 | D:4      | Learned a level 3 spell: Conjure Flame
  4469 | D:4      | Killed an ice beast
  4794 | D:5      | Entered Level 5 of the Dungeon
  4803 | D:5      | Reached XP level 7. HP: 34/34 MP: 12/18
  5210 | D:5      | Got a translucent long sword
  5211 | D:5      | Identified the +5 long sword of Oozing Pus {vamp, Dex+2} (You found it on level 5 of the Dungeon)
  5238 | D:5      | Noticed Pikel
  5631 | D:4      | Killed Pikel
  5631 | D:4      | Reached skill level 5 in Stealth
  5631 | D:4      | Reached XP level 8. HP: 40/40 MP: 0/20
  5850 | D:5      | Noticed Menkaure
  5856 | D:6      | Noticed Gamora's ghost (novice GrGl)
  5896 | D:5      | Noticed Dowan
  5931 | D:5      | Killed Dowan
  5934 | D:5      | Noticed Duvessa
  6039 | D:6      | Found Omulanwy's Magic Scroll Shop.
  6222 | D:6      | Found a sand-covered staircase.
  6227 | Ossuary  | Entered an ossuary
  7253 | D:7      | Reached skill level 5 in Translocations
  7658 | D:7      | Reached XP level 9. HP: 44/44 MP: 7/21
  7679 | D:7      | Reached skill level 8 in Spellcasting
  7865 | D:7      | Reached skill level 9 in Spellcasting
  8010 | D:7      | Found a shimmering altar of Xom.
  8649 | D:8      | Reached skill level 10 in Spellcasting
  8760 | D:8      | Reached skill level 5 in Dodging
  9220 | D:8      | Noticed Grum
  9252 | D:8      | Killed Grum
  9368 | D:8      | Reached XP level 10. HP: 42/49 MP: 15/25
  9473 | D:8      | Learned a level 4 spell: Olgreb's Toxic Radiance
  9547 | D:8      | Noticed Maurice
  9567 | D:8      | Killed Maurice
 10283 | D:9      | Hit by a tomahawk thrown by an orc warrior

Vault maps used:
D:1:      wheals_arrival_linesprint
D:2:      minivault_23
D:3:      nicolae_overflow_hidden_temple, cheibriados_altar_wand_db,
          uniq_crazy_yiuf_cottage, uniq_natasha
D:4:      first_bread
D:5:      kennysheep_windowed_halls, uniq_menkaure, uniq_pikel, uniq_duvessa,
          uniq_prince_ribbit1
D:6:      serial_shops, shop, nicolae_ossuary_entry_giza, grunt_potential
D:7:      basic_altar, minmay_statues_item
D:8:      grunt_livestock, minivault_1, uniq_grum, uniq_maurice
D:9:      minmay_separated_statues, lair_0_dummy, special_room
Ossuary:  ossuary_the_hunt_dpeg

Skill      XL: |  1  2  3  4  5  6  7  8  9 10 |
---------------+-------------------------------+-----
Spellcasting   | 5 6 7 10 | 10.1
Air Magic      | 1 |  1.5
Poison Magic   | 1 3 |  3.4
Conjurations   | 1 3 |  3.5
Short Blades   | 2 4 |  4.3
Fighting       | 1 3 4 |  4.2
Dodging        | 4 8 |  8.2
Stealth        | 5 9 |  9.1
Translocations | 6 |  6.4
Summonings     | |  0.7

Action                   |  1- 3 |  4- 6 |  7- 9 | 10-12 || total
-------------------------+-------+-------+-------+-------++-------
Melee: Short sword       |     6 |     4 |    66 |    20 ||    96
Throw: Tomahawk          |       |     8 |    18 |       ||    26
       Throwing net      |       |       |     1 |       ||     1
 Cast: Magic Dart        |    92 |   294 |   428 |   101 ||   915
       Mephitic Cloud    |       |     2 |    20 |     5 ||    27
       Conjure Flame     |       |     2 |    20 |     3 ||    25
       Blink             |       |       |     8 |     3 ||    11
       Repel Missiles    |       |       |     1 |       ||     1
       Olgreb's Toxic Ra |       |       |       |     3 ||     3
Evoke: Wand              |       |       |     2 |       ||     2
  Use: Scroll            |     5 |     5 |     6 |     3 ||    19
       Potion            |     2 |       |     1 |       ||     3
 Stab: Sleeping          |     1 |       |     6 |     3 ||    10
       Confused          |       |       |     4 |       ||     4
  Eat: Pizza             |       |     1 |     1 |       ||     2
       Bread ration      |       |       |     1 |       ||     1
Armor: Robe              |     3 |     4 |     9 |       ||    16
Dodge: Dodged            |    39 |    71 |   100 |    16 ||   226
       Deflected         |       |       |       |     1 ||     1
